 Dungeon Sprint DCSS version 0.22.0-13-g43fe8f2 (webtiles) character file.

54 poirepourri the Severer (level 7, -2/57 HPs)
             Began as a Minotaur Fighter on Aug 16, 2018.
             Was a Follower of Yredelemnul.
             Slain by a killer bee (7 damage)
             ... in the Dungeon (Sprint VI: "Thunderdome").
             The game lasted 00:01:04 (396 turns).

poirepourri the Severer (Minotaur Fighter)           Turns: 396, Time: 00:01:04

Health: -2/57      AC:  6    Str: 21    XL:     7   Next: 2%
Magic:  15/15      EV:  7    Int:  7    God:    Yredelemnul [*.....]
Gold:   100        SH:  9    Dex: 11    Spells: 6/6 levels left

rFire    + . .     SeeInvis +   a - +0 war axe
rCold    x . .     Gourm    .   c - +0 shield
rNeg     . . .     Faith    .   b - +0 scale mail
rPois    .         Spirit   .   (helmet restricted)
rElec    .         Reflect  .   (no cloak)
rCorr    .         Harm     .   (no gloves)
MR       +....     NoTele   +   (no boots)
Stlth    ..........             (no amulet)
HPRegen  0.19/turn              p - ring of Luxakhlump {MR+ Stlth-}
MPRegen  0.14/turn              s - ring of Ucriromm {Fire MP+9 Int+2 SInv}

@: lethally poisoned (-2 -> -19)
A: retaliatory headbutt, horns 2
a: Animate Remains, Renounce Religion


You were in the Dungeon.
You worshipped Yredelemnul.
Yredelemnul was aware of your devotion.
You were not hungry.

You visited 1 branch You collected 280 gold pieces.
You spent 180 gold pieces at shops.

Inventory:

Hand Weapons
 a - a +0 war axe (weapon)
Armour
 b - a +0 scale mail (worn)
 c - a +0 shield (worn)
Jewellery
 p - the ring of Luxakhlump (left hand) {MR+ Stlth-}
   (You bought it in a shop in the Dungeon)

   [ring of attention]

   It affects your resistance to hostile enchantments.
   It makes you less stealthy.
 q - the ring of Beauty {-Tele EV+3 Int+3 Stlth+}
   (You bought it in a shop in the Dungeon)

   [ring of evasion]

   It affects your evasion (+3).
   It affects your intelligence (+3).
   It prevents most forms of teleportation.
   It makes you more stealthy.
 r - the amulet of Geadghyvo {Inacc rN+}
   (You bought it in a shop in the Dungeon)

   [amulet of inaccuracy]

   It reduces the accuracy of all your attacks.
   It protects you from negative energy.
 s - the ring of Ucriromm (right hand) {Fire MP+9 Int+2 SInv}
   (You bought it in a shop in the Dungeon)

   [ring of fire]

   It enhances your fire magic.
   It affects your intelligence (+2).
   It protects you from fire.
   It makes you vulnerable to cold.
   It affects your magic capacity (+9).
   It lets you see invisible.
Wands
 m - a wand of acid (5)
 n - a wand of iceblast (5)
Scrolls
 k - 4 scrolls of blinking
 o - 3 scrolls of fog
Potions
 d - a potion of might
 g - 2 potions of heal wounds
 h - 4 potions of haste
 i - 2 potions of magic
 j - a potion of berserk rage
 l - a potion of resistance
Comestibles
 f - a ration


   Skills:
 - Level 3.6 Fighting
 + Level 16.7 Axes
 - Level 3.6 Armour
 - Level 3.6 Shields


You had 6 spell levels left.
You didn't know any spells.
Your spell library was empty.

Dungeon Overview and Level Annotations

Branches:
Dungeon (1/1)

Altars:
Cheibriados
Dithmenos
Fedhas
Gozag
Kikubaaqudgha
Makhleb
Okawaru
Qazlal
Ru
Sif Muna
Trog
Uskayaw
Vehumet
Wu Jian
Xom
Yredelemnul
Zin
The Shining One
Beogh
Jiyva
Lugonu

Shops:
D *[%??*?*:[((!!!!


Innate Abilities, Weirdness & Mutations

You reflexively headbutt those who attack you in melee.
You have a pair of horns on your head.


Message History

You feel sick.
The killer bee rages.
The killer bee stings you. x2
The killer bee stings you but does no damage.
The queen bee calls on the killer bee to defend it!
The killer bee goes berserk!
The killer bee rages.
The killer bee stings you!
* * * LOW HITPOINT WARNING * * *
You are more poisoned.
The killer bee poisons you! The killer bee barely misses you.
You furiously retaliate!
You headbutt the killer bee!
You feel sick. The killer bee stings you.
* * * LOW HITPOINT WARNING * * *
The killer bee stings you!
* * * LOW HITPOINT WARNING * * *
You are more poisoned.
The killer bee poisons you! The killer bee stings you!
You die...
Your body rises from the dead as a mindless zombie.

#_......._# #_......._#
#_...(..._# ###.........###
#⌠.......(...⌠#
######.8.......(.8.######
##∩_._......###......___∩##
###∩.......y8.# #.8.(......∩#
##......y..yy@.###............
#⌠.........y###...###.........
#⌠..........# #.<.# #.........
#⌠......÷.y.###..)###.........
##.............###............
###∩........8.# #.8........∩#
##∩___..÷...###.).....__∩##
######.8.........8.######
#§...........⌠#


You could see a queen bee and 4 killer bees.

Vanquished Creatures
  Pikel (D)
  A hound (D)
  Ijyb (D)
  A worker ant (D)
  A leopard gecko (D)
  A giant cockroach (D)
  2 kobolds (D)
  A ball python (D)
  2 goblins (D)
11 creatures vanquished.

Notes
Turn   | Place    | Note
-------+----------+-------------------------------------------
     0 | D        | poirepourri the Minotaur Fighter began the quest for the Orb.
     0 | D        | Reached XP level 1. HP: 19/19 MP: 0/0
     3 | D        | Found a sacrificial altar of Ru.
     3 | D        | Found a deep blue altar of Sif Muna.
     4 | D        | Found an iron altar of Okawaru.
     5 | D        | Found an ornate altar of the Wu Jian Council.
     5 | D        | Found a shadowy altar of Dithmenos.
     5 | D        | Round 1.
     6 | D        | Found Otaeps's Delicious Food.
     6 | D        | Found a burning altar of Makhleb.
     6 | D        | Found an opulent altar of Gozag.
     6 | D        | Found a snail-covered altar of Cheibriados.
     6 | D        | Found Esampewk's Identification Station.
     7 | D        | Found Peniovan's Jewellery.
     7 | D        | Found Zugygor's Advanced Armour.
    15 | D        | Bought a coiled marble ring for 45 gold pieces
    15 | D        | Bought a heavily runed lapis lazuli ring for 45 gold pieces
    15 | D        | Bought a brightly glowing ivory amulet for 45 gold pieces
    19 | D        | Reached skill level 3 in Axes
    20 | D        | Identified the ring of Luxakhlump {MR+ Stlth-} (You bought it in a shop in the Dungeon)
    21 | D        | Identified the ring of Beauty {-Tele EV+3 Int+3 Stlth+} (You bought it in a shop in the Dungeon)
    22 | D        | Identified the amulet of Geadghyvo {Inacc rN+} (You bought it in a shop in the Dungeon)
    29 | D        | Bought a clouded marble ring for 45 gold pieces
    31 | D        | Identified the ring of Ucriromm {Fire MP+9 Int+2 SInv} (You bought it in a shop in the Dungeon)
    43 | D        | Noticed a worker ant
    52 | D        | Killed a worker ant
    52 | D        | Reached skill level 7 in Axes
    52 | D        | Reached XP level 2. HP: 13/26 MP: 1/1
    82 | D        | Found a blossoming altar of Fedhas.
    83 | D        | Found an ancient bone altar of Kikubaaqudgha.
    84 | D        | Found a viscous altar of Jiyva.
    87 | D        | Found Eduitil's Premium Goods.
    88 | D        | Found Jacatare's Miscellaneous Merchandise.
    88 | D        | Found Anakky's Basic Armour.
    89 | D        | Found a bloodstained altar of Trog.
    89 | D        | Found a basalt altar of Yredelemnul.
    89 | D        | Found Funoddel's Weapon Rack.
   174 | D        | Arena points: 12 (+12) [x2]
   174 | D        | Reached skill level 9 in Axes
   174 | D        | Reached XP level 3. HP: 15/31 MP: 2/2
   182 | D        | Became a worshipper of Yredelemnul the Dark
   198 | D        | Round 2.
   226 | D        | Noticed Ijyb
   229 | D        | Found a roughly hewn altar of Beogh.
   230 | D        | Found a glowing silver altar of Zin.
   230 | D        | Found Fimpirghu's Do-It-Yourself Clinic.
   232 | D        | Found a corrupted altar of Lugonu.
   232 | D        | Found a glowing golden altar of the Shining One.
   232 | D        | Found a hide-covered altar of Uskayaw.
   232 | D        | Found Wuxeicim's Distillery.
   245 | D        | Killed Ijyb
   245 | D        | Reached skill level 10 in Axes
   245 | D        | Reached XP level 4. HP: 39/39 MP: 3/3
   254 | D        | Found Faisyph's Bottled Wisdom.
   254 | D        | Found Naiweexe's Distillery.
   261 | D        | Found a radiant altar of Vehumet.
   262 | D        | Found a stormy altar of Qazlal.
   263 | D        | Found a shimmering altar of Xom.
   264 | D        | Found Peus's Staff Store.
   264 | D        | Found Feapnu's Magic Scroll Shop.
   264 | D        | Noticed Pikel
   265 | D        | Found Teozxyth's Must-Have Magic.
   265 | D        | Found Moippal's Magic Scroll Shop.
   278 | D        | Killed Pikel
   278 | D        | Reached * piety under Yredelemnul
   278 | D        | Reached skill level 16 in Axes
   278 | D        | Reached XP level 5. HP: 45/45 MP: 4/4
   278 | D        | Reached XP level 6. HP: 51/51 MP: 5/5
   278 | D        | Reached XP level 7. HP: 57/57 MP: 6/6
   365 | D        | Arena points: 54 (+42) [x3]
   387 | D        | Round 3.
   388 | D        | Noticed a queen bee
   390 | D        | Noticed a queen bee
   396 | D        | Slain by a killer bee

Skill      XL: |  1  2  3  4 |
---------------+-------------+-----
Axes           | 7 9 10 16 | 16.7
Fighting       | |  3.6
Armour         | |  3.6
Shields        | |  3.6

Action                   |  1- 3 |  4- 6 |  7- 9 || total
-------------------------+-------+-------+-------++-------
Melee: War axe           |    31 |    11 |     6 ||    48
       Headbutt          |     5 |     1 |       ||     6
Invok: Animate Remains   |       |       |     1 ||     1
  Use: Potion            |     2 |     1 |       ||     3
Armor: Scale mail        |    12 |       |     8 ||    20
Dodge: Dodged            |    10 |     4 |     3 ||    17
Block: Shield            |    14 |     3 |    11 ||    28
